Map: Frost LE

Players

Elad - Winner!

  • Race: Terran Terran
  • League: Silver

Gracz

  • Race: Protoss Protoss
  • League: Bronze

VOD

Have the link to the VOD?

Description

Time

  • Played on: Sept. 3, 2016, 6:26 p.m.
  • Length: 32:16
Show
View Real Time Build Order
Export as new Build Order

Elad Terran - Winner!

Build Orders:  

Get SALT Encoding   

  12  0:01  SCV  
  13  0:13  SCV  
  14  0:24  Supply Depot  
  14  0:25  SCV  
  15  0:30  Refinery  
  15  0:45  SCV  
  16  0:51  Barracks  
  16  0:57  SCV  
  16  0:59  Supply Depot  
  17  1:09  SCV  
  18  1:21  SCV  
  19  1:34  SCV  
  19  1:39  Reaper  
  21  1:54  Command Center  
  21  2:03  Barracks  
  21  2:09  Orbital Command  
  21  2:15  Barracks Tech Lab  
  21  2:24  Factory  
  21  2:30  Refinery  
  21  2:34  SCV  
  22  2:38  Marine  
  23  2:48  SCV  
  24  2:51  Barracks Reactor  
  24  3:00  SCV  
  25  3:08  Marauder  
  28  3:12  SCV  
  28  3:13  Factory Tech Lab  
  28  3:24  SCV  
  29  3:29  Marine x2  
  29  3:30  Marine  
  32  3:40  Engineering Bay  
  35  3:41  Siege Tank  
  35  3:46  Barracks, SCV  
  35  3:47  Marine  
  37  4:01  Marine  
  37  4:02  Marauder  
  40  4:04  Stimpack  
  40  4:05  SCV  
  41  4:10  Orbital Command  
  41  4:16  Marine  
  42  4:24  Starport  
  42  4:34  Missile Turret  
  42  4:39  SCV  
  42  4:40  Supply Depot  
  42  4:42  Marine x2  
  45  4:45  Barracks Reactor  
  45  4:49  SCV  
  46  4:53  Missile Turret  
  46  5:01  Marine, SCV  
  48  5:11  Bunker  
  48  5:13  Supply Depot  
  48  5:16  Supply Depot  
  48  5:20  SCV  
  49  5:25  Marine, Marauder  
  49  5:26  Marine x2  
  54  5:35  SCV  
  55  5:37  Missile Turret  
  55  5:41  Missile Turret  
  55  5:47  Refinery, SCV x2  
  55  5:48  Refinery  
  57  5:50  Starport Reactor  
  57  5:55  Starport  
  57  6:05  SCV  
  58  6:16  Engineering Bay  
  58  6:17  Marine, SCV  
  60  6:19  Marine  
  60  6:20  Marauder  
  60  6:22  SCV  
  64  6:29  SCV  
  65  6:33  Viking x2  
  65  6:37  Starport Tech Lab  
  69  6:41  SCV  
  70  6:49  Missile Turret  
  70  6:56  Supply Depot  
  70  7:02  Command Center  
  70  7:13  Marine, Medivac, Marauder  
  75  7:16  Terran Infantry Weapons Level 1  
  75  7:17  Terran Infantry Armor Level 1  
  75  7:19  SCV  
  79  7:22  Siege Tank  
  79  7:24  Medivac  
  79  7:25  Medivac  
  83  7:43  SCV  
  84  7:55  SCV  
  85  8:03  Supply Depot  
  85  8:04  Bunker  
  85  8:06  Supply Depot  
  85  8:08  Medivac, Viking x2  
  85  8:10  Siege Tank  
  94  8:14  Marauder  
  94  8:16  Concussive Shells  
  96  8:20  Marine x2  
  98  8:34  Missile Turret  
  98  8:38  Medivac x2, Supply Depot  
  102  8:41  Supply Depot  
  102  8:54  Refinery  
  102  8:55  Orbital Command  
  102  9:00  Supply Depot  
  102  9:06  Marine x3, Marauder  
  102  9:07  Marine  
  102  9:08  Siege Tank  
  111  9:15  Armory  
  111  9:16  Raven  
  113  9:42  Corvid Reactor  
  113  9:44  SCV  
  114  9:51  Refinery  
  114  9:53  SCV  
  114  9:56  SCV  
  116  10:00  Supply Depot  
  116  10:04  SCV  
  116  10:05  SCV  
  118  10:08  Marauder  
  118  10:12  Terran Infantry Weapons Level 2  
  120  10:16  SCV  
  121  10:28  SCV  
  121  10:29  Marauder  
  127  10:39  Fusion Core, Siege Tank  
  127  10:41  Medivac x2  
  127  10:42  Viking  
  133  10:50  Marauder  
  133  10:51  SCV  
  136  11:03  SCV  
  137  11:15  SCV  
  138  11:21  Viking  
  138  11:22  Viking x2  
  138  11:24  Marine x2  
  146  11:38  Marine x2, Marauder  
  150  11:42  Marine x2  
  152  11:50  SCV  
  152  11:51  Viking  
  152  11:52  Viking  
  157  11:58  Supply Depot  
  157  12:00  Supply Depot, Marauder  
  159  12:02  SCV  
  160  12:14  SCV  
  161  12:21  Viking, Marauder  
  161  12:22  Viking  
  162  12:37  Viking  
  162  12:42  Marauder  
  162  12:43  Terran Ship Weapons Level 1  
  166  12:51  Viking  
  166  12:52  Viking  
  166  12:56  Ghost Academy x2  
  170  13:04  Command Center, Marauder  
  172  13:07  Viking  
  174  13:14  Ghost Academy  
  174  13:21  Viking  
  174  13:22  Viking  
  178  13:37  Viking  
  180  13:41  Marauder  
  182  13:51  Medivac  
  182  13:52  Medivac  
  183  14:03  Marauder  
  183  14:06  Siege Tank  
  188  14:15  Viking  
  188  14:16  Supply Depot  
  190  14:17  Supply Depot  
  190  14:19  Supply Depot  
  190  14:21  Viking x2  
  190  14:22  Planetary Fortress, Refinery  
  194  14:26  Refinery  
  194  14:39  Siege Tank  
  125  14:45  Viking  
  199  14:55  Terran Ship Weapons Level 2  
  199  15:09  SCV  
  200  15:18  Starport  
  200  15:22  Starport x2  
  117  16:53  Viking x3  
  117  16:54  Viking x3  
  113  17:23  Viking x4  
  113  17:24  Viking x2  
  111  17:38  Marine  
  111  17:40  Marauder  
  108  17:44  Personal Cloaking  
  108  17:45  Nuke x2  
  108  17:51  Thor  
  110  17:53  Viking x3  
  110  17:56  Orbital Command  
  110  17:57  Factory  
  114  17:59  Terran Infantry Armor Level 2, Terran Infantry Weapons Level 3  
  114  18:02  Marauder  
  114  18:03  Starport Reactor  
  114  18:04  Starport Reactor  
  116  18:06  Viking  
  118  18:23  Viking x2, Marauder  
  124  18:33  Thor  
  130  18:36  Viking  
  132  18:41  Factory Tech Lab  
  132  18:43  Viking x2  
  132  18:44  Viking x2, Marauder  
  132  18:45  Viking  
  144  18:53  Viking  
  146  18:56  Missile Turret  
  146  18:58  SCV  
  147  19:06  Marauder  
  149  19:10  Nuke, SCV  
  149  19:16  Thor  
  156  19:26  Ghost  
  156  19:28  Missile Turret  
  158  19:39  Thor  
  158  19:42  Terran Ship Weapons Level 3  
  164  19:53  Starport Reactor  
  164  19:55  Ghost, Viking x3  
  164  19:56  Viking x4  
  164  19:57  Missile Turret  
  164  19:59  Thor  
  186  20:15  SCV  
  187  20:27  Missile Turret  
  187  20:42  Thor  
  193  21:58  Refinery  
  193  21:59  Refinery  
  173  22:19  Terran Vehicle Weapons Level 1  
  165  22:55  Viking x6  
  165  22:56  Viking  
  179  23:25  Viking x4  
  157  24:02  Battlecruiser  
  157  24:04  Viking x3  
  157  24:05  Viking x5  
  173  24:32  Command Center  
  179  25:07  Battlecruiser  
  179  25:49  Command Center  
  179  25:50  Command Center  
  179  25:54  Missile Turret  
  179  25:55  Missile Turret  
  179  25:56  Missile Turret x2  
  179  25:57  Missile Turret x2  
  179  25:59  Missile Turret x2  
  179  26:00  Missile Turret  
  179  26:03  Missile Turret, Viking x2  
  183  26:04  Missile Turret, Viking x2  
  183  26:07  Missile Turret  
  183  26:08  Thor  
  183  26:09  Missile Turret, Thor  
  187  26:56  Thor  
  187  26:57  Thor  
  199  27:05  Starport Tech Lab  
  199  27:08  Terran Vehicle Weapons Level 2  
  199  27:09  Starport Tech Lab  
  199  27:21  Missile Turret  
  199  27:22  Missile Turret  
  199  27:24  Missile Turret  
  199  27:25  Missile Turret  
  199  27:29  Missile Turret, Orbital Command  
  199  27:30  Missile Turret  
  199  27:37  Refinery  
  199  27:39  Orbital Command  
  199  27:40  Refinery  
  193  28:24  Missile Turret  
  193  28:25  Missile Turret x2  
  193  28:27  Missile Turret  
  193  28:29  Missile Turret  
  193  28:34  Missile Turret x2  
  193  28:35  Missile Turret  
  193  28:36  Missile Turret  
  193  28:37  Missile Turret  
  193  28:38  Missile Turret  
  193  28:46  Refinery  
  193  28:50  Orbital Command  
  193  29:25  Terran Vehicle And Ship Armor Level 1  
  193  29:30  Missile Turret  
  193  29:31  Missile Turret x2  
  192  29:32  Missile Turret  
  192  29:34  Missile Turret x5  
  192  30:06  Thor  
  197  30:21  Missile Turret  
  197  30:23  Missile Turret  
  197  30:25  Missile Turret x2  
  197  30:26  Missile Turret  
  197  30:27  Missile Turret  
  195  30:54  Explosive Shrapnel Shells, High Capacity Fuel Tanks  
Show
View Real Time Build Order
Export as new Build Order

Gracz Protoss 

Build Orders: Blink Stalkers 

Get SALT Encoding   

  12  0:02  Probe (Chrono Boost)  
  13  0:28  Pylon  
  13  0:32  Probe (Chrono Boost)  
  15  0:42  Probe (Chrono Boost)  
  15  0:53  Probe (Chrono Boost)  
  16  0:57  Gateway  
  16  1:04  Probe (Chrono Boost)  
  17  1:17  Assimilator  
  17  1:22  Assimilator  
  17  1:24  Probe (Chrono Boost)  
  18  1:34  Probe (Chrono Boost)  
  19  1:44  Zealot  
  19  1:45  Probe (Chrono Boost)  
  22  1:49  Pylon  
  22  1:55  Cybernetics Core  
  22  1:58  Gateway  
  22  2:04  Probe (Chrono Boost)  
  23  2:14  Probe (Chrono Boost)  
  24  2:17  Warp Gate  
  24  2:31  Nexus  
  26  2:38  Mothership Core (Chrono Boost)  
  26  2:46  Pylon  
  26  2:57  Probe (Chrono Boost)  
  27  3:03  Pylon  
  27  3:09  Twilight Council  
  27  3:10  Probe (Chrono Boost)  
  28  3:16  Pylon  
  28  3:44  Probe (Chrono Boost)  
  28  3:47  Probe (Chrono Boost)  
  28  3:48  Blink  
  30  3:55  Probe (Chrono Boost)  
  31  3:59  Probe (Chrono Boost)  
  31  4:00  Pylon  
  32  4:05  Pylon, Probe (Chrono Boost)  
  33  4:11  Probe (Chrono Boost)  
  33  4:16  Probe (Chrono Boost)  
  35  4:24  Probe (Chrono Boost)  
  36  4:26  Probe (Chrono Boost)  
  36  4:28  Pylon  
  37  4:35  Stalker  
  37  4:36  Forge  
  37  4:38  Stalker  
  41  4:49  Probe (Chrono Boost)  
  41  4:50  Assimilator x2  
  42  4:59  Robotics Facility  
  43  5:01  Probe (Chrono Boost)  
  43  5:06  Stargate  
  43  5:07  Stargate  
  43  5:13  Probe (Chrono Boost)  
  44  5:20  Gateway  
  44  5:23  Pylon  
  44  5:24  Gateway  
  44  5:28  Stalker  
  44  5:31  Probe (Chrono Boost)  
  44  5:34  Probe (Chrono Boost)  
  48  6:12  Stargate  
  48  6:13  Stargate  
  48  6:23  Pylon  
  48  6:25  Gateway  
  48  6:46  Nexus  
  48  6:50  Pylon  
  48  6:53  Pylon, Void Ray  
  48  6:54  Void Ray  
  48  6:57  Void Ray x2  
  64  7:13  Stalker x2  
  64  7:14  Stalker x2  
  72  7:23  Gateway  
  72  7:40  Robotics Bay  
  72  7:46  Probe (Chrono Boost)  
  72  7:47  Probe (Chrono Boost)  
  72  7:50  Stalker  
  72  7:51  Stalker  
  78  7:58  Probe (Chrono Boost)  
  80  7:59  Probe (Chrono Boost)  
  80  8:08  Probe (Chrono Boost)  
  80  8:10  Probe (Chrono Boost)  
  80  8:12  Probe (Chrono Boost)  
  83  8:18  Probe (Chrono Boost)  
  84  8:24  Probe (Chrono Boost)  
  85  8:29  Probe (Chrono Boost)  
  85  8:31  Dark Shrine  
  86  8:42  Pylon  
  86  8:48  Pylon  
  86  8:51  Pylon  
  86  8:54  Void Ray  
  86  8:57  Disruptor  
  86  9:00  Void Ray  
  97  9:09  Assimilator  
  97  9:12  Assimilator  
  97  9:19  Photon Cannon  
  97  9:21  Photon Cannon  
  97  9:22  Photon Cannon  
  97  9:28  Photon Cannon  
  97  9:33  Disruptor  
  100  9:41  Stalker  
  100  9:42  Stalker x2  
  100  9:44  Stalker x2  
  100  9:45  Stalker  
  112  10:34  Stargate  
  112  10:36  Stargate  
  112  10:43  Fleet Beacon  
  112  10:51  Probe (Chrono Boost)  
  113  11:01  Probe (Chrono Boost)  
  114  11:12  Probe (Chrono Boost)  
  115  11:23  Observer  
  115  11:25  Charge  
  116  11:28  Protoss Shields Level 1  
  116  11:44  Observer  
  117  11:49  Stalker x3  
  117  11:50  Stalker x3  
  129  12:14  Stalker  
  129  12:15  Stalker x2  
  132  12:42  Disruptor  
  134  13:17  Disruptor  
  137  13:23  Stalker x2  
  137  13:24  Stalker x2  
  151  13:29  Protoss Ground Weapons Level 1  
  146  14:05  Tempest x2  
  146  14:09  Tempest x2  
  162  14:29  Pylon x2  
  162  14:30  Pylon  
  162  14:31  Pylon  
  162  14:41  Tempest  
  162  14:46  Tempest  
  162  14:52  Tempest  
  174  15:02  Tempest x2  
  172  15:08  Tempest  
  172  15:10  Stalker  
  172  15:11  Stalker  
  188  15:15  Colossus  
  194  15:23  Protoss Ground Armor Level 1  
  194  15:31  Protoss Air Weapons Level 1  
  194  15:42  Tempest  
  100  16:37  Stalker x3  
  100  16:38  Stalker  
  96  16:51  Stalker  
  96  16:52  Stalker  
  52  17:51  Tempest x2  
  52  17:52  Tempest  
  52  17:56  Tempest x2  
  52  17:57  Tempest  
  76  18:11  Probe (Chrono Boost)  
  79  18:14  Mothership Core (Chrono Boost)  
  79  18:15  Probe (Chrono Boost)  
  80  18:23  Probe (Chrono Boost)  
  82  18:27  Probe (Chrono Boost)  
  83  18:35  Probe (Chrono Boost)  
  83  18:39  Probe (Chrono Boost)  
  84  18:47  Probe (Chrono Boost)  
  85  19:00  Nexus  
  85  19:03  Pylon  
  85  19:06  Pylon  
  85  19:15  Tempest  
  85  19:16  Tempest  
  92  19:56  Probe (Chrono Boost)  
  93  20:09  Probe (Chrono Boost)  
  93  20:11  Assimilator  
  94  20:15  Assimilator  
  94  20:17  Probe (Chrono Boost)  
  94  20:20  Probe (Chrono Boost)  
  94  20:21  Probe (Chrono Boost)  
  97  20:27  Probe (Chrono Boost)  
  99  20:29  Probe (Chrono Boost)  
  99  20:32  Tempest, Probe (Chrono Boost)  
  99  20:33  Probe (Chrono Boost)  
  111  20:38  Probe (Chrono Boost)  
  111  20:42  Probe (Chrono Boost)  
  113  20:45  Probe (Chrono Boost)  
  113  20:48  Probe (Chrono Boost)  
  115  20:54  Probe (Chrono Boost)  
  115  20:57  Probe (Chrono Boost)  
  117  20:59  Probe x2 (Chrono Boost)  
  119  21:06  Probe (Chrono Boost)  
  119  21:09  Probe x2 (Chrono Boost)  
  119  21:11  Probe (Chrono Boost)  
  123  21:15  Tempest  
  123  21:18  Probe (Chrono Boost)  
  128  21:20  Probe (Chrono Boost)  
  128  21:23  Probe (Chrono Boost)  
  130  21:30  Probe (Chrono Boost)  
  131  22:10  Nexus  
  131  22:13  Assimilator  
  131  22:14  Tempest  
  131  22:17  Assimilator  
  131  22:19  Tempest  
  131  22:20  Tempest x2  
  70  24:00  Tempest  
  70  24:01  Void Ray  
  66  24:05  Tempest  
  66  24:06  Void Ray x2  
  86  24:10  Zealot  
  86  24:11  Zealot x5  
  98  24:42  Zealot x3  
  104  24:46  Protoss Air Armor Level 1  
  104  24:50  Mothership Core (Chrono Boost)  
  90  25:42  Stalker x3  
  96  25:43  Stalker x2  
  96  25:44  Stalker  
  96  25:46  Void Ray  
  92  27:16  Nexus  
  76  28:12  Assimilator  
  76  28:16  Assimilator  
  76  28:29  Probe (Chrono Boost)  
  77  28:39  Stalker x2, Probe (Chrono Boost)  
  82  28:50  Probe (Chrono Boost)  
  82  28:52  Probe (Chrono Boost)  
  84  29:00  Probe (Chrono Boost)  
  84  29:02  Probe (Chrono Boost)  
  86  29:11  Probe (Chrono Boost)  
  86  29:13  Probe (Chrono Boost)  
  88  29:23  Probe (Chrono Boost)  
  88  29:24  Probe (Chrono Boost)  
  90  29:34  Probe (Chrono Boost)  
  91  29:45  Probe (Chrono Boost)  
  92  30:01  Probe (Chrono Boost)  
  88  30:12  Probe (Chrono Boost)  
  85  30:21  Stalker x3  
  89  30:22  Probe (Chrono Boost)  
  92  30:33  Probe (Chrono Boost)  
  94  30:43  Probe x2 (Chrono Boost)  
  95  30:55  Probe (Chrono Boost)  
  96  31:07  Probe (Chrono Boost)  
Tags
 
Add a new tag
Caveats
  • Supply blocks, unpowered buildings, or Contaminate may cause inaccurate times.
  • Supply counts are checked every 10 seconds.